Match 42486709
Unlisted

Match 42486709
End
Panzergrenadier Squad
Selects Italian Infantry
Panzergrenadier Squad
Construct Light Support Kompanie
MG34 Team
Panzerjäger Squad
2.5-tonne Medical Truck
Selects Guastatori Squad
Selects L6/40 Light Tank Combat Group
L6/40 Light Tank Combat Group
Fire Support Elements
Pak 38 Anti-tank Gun Team
Guastatori Squad
Selects Towed Cannone da 105/28 Field Howitzer
Towed Cannone da 105/28 Field Howitzer
潇洒哥
ratharano
KHKeung
AIASTIN
PaniCoC
Ardy
Jeremy
NewDe
0
0

Comments sign in to comment!

No comments posted yet!